 Dungeon Crawl Stone Soup version 0.27-a0-419-g7a85846853 (webtiles) character file.

Game seed: 15467722000451838411

180 Chiseanne the Skirmisher (level 5, 0/42 HPs)
             Began as a Demonspawn Wanderer on Feb 26, 2021.
             Killed by nerve-wracking pain
             ... invoked by Grinder
              (9 damage)
             ... on level 4 of the Dungeon.
             The game lasted 00:03:08 (3256 turns).

Chiseanne the Skirmisher (Demonspawn Wanderer)      Turns: 3256, Time: 00:03:09

Health: 0/42       AC:  8    Str: 13    XL:     5   Next: 33%
Magic:  6/6        EV: 11    Int: 11    God:
Gold:   106        SH:  4    Dex: 15    Spells: 5/6 levels left

rFire    + . .     SeeInvis .   u - +0 war axe
rCold    + . .     Faith    .   c - +0 buckler
rNeg     . . .     Spirit   .   b - +0 ring mail
rPois    .         Reflect  .   (helmet restricted)
rElec    .         Harm     .   m - scarf {rC+ rF+}
rCorr    .         Rampage  .   (no gloves)
Will     .....                  (no boots)
Stlth    +.........             (no amulet)
HPRegen  0.14/turn              (no ring)
MPRegen  0.10/turn              (no ring)

@: mighty
A: horns 1, slimy green scales 2
a: no special abilities


You were on level 4 of the Dungeon.
You visited 1 branch of the dungeon, and saw 4 of its levels.

You collected 106 gold pieces.

Inventory:

Hand Weapons
 u - a +0 war axe (weapon)
Missiles
 a - 38 poisoned darts (quivered)
 h - 97 stones
 i - 28 arrows
 j - 43 bolts
 n - 6 curare-tipped darts
 o - 5 atropa-tipped darts
Armour
 b - a +0 ring mail (worn)
 c - a +0 buckler (worn)
 m - a scarf of resistance (worn)
Scrolls
 d - 2 scrolls of amnesia {unknown}
 e - a scroll of teleportation {unknown}
 f - 2 scrolls of blinking {unknown}
 g - 2 scrolls of magic mapping {unknown}
Potions
 k - 2 potions of haste {unknown}
 l - a potion of resistance {unknown}
 p - 2 potions of degeneration {unknown}
 q - a potion of attraction {unknown}
 r - a potion of brilliance {unknown}
 s - a potion of curing {unknown}
 t - a potion of heal wounds {unknown}
 v - a potion of lignification {unknown}


   Skills:
 * Level 3.9 Fighting
 - Level 1.0 Polearms
 * Level 2.0 Armour
 * Level 2.2 Dodging
 - Level 1.0 Stealth
 * Level 2.4 Shields
 - Level 1.0 Spellcasting
 - Level 1.0 Conjurations
 - Level 1.1 Necromancy
 - Level 1.0 Evocations


You had 5 spell levels left.
You knew the following spells:

 Your Spells              Type           Power        Failure   Level
a - Magic Dart            Conj           8%           50%         1

Your spell library contained the following spells:

 Spells                   Type           Power        Failure   Level
 Searing Ray              Conj           4%           63%         2
 Dazzling Flash           Conj/Hex       2%           90%         3
 Fulminant Prism          Conj/Hex       0%           100%        4
 Iskenderun's Mystic Bla  Conj/Tloc      1%           100%        4


Dungeon Overview and Level Annotations

Branches:
Dungeon (4/15)
 Temple: D:4-7

Altars:
Fedhas
Wu Jian

Annotations:
D:4 Grinder


Innate Abilities, Weirdness & Mutations

You have a pair of small horns on your head.
You are mostly covered in slimy green scales. (AC +3)


Message History

Grinder closely misses you.
You see here a scroll labelled LEKLYOHOYZOEGH.
You barely miss Grinder. Grinder gestures at you.
You suddenly lose the ability to move!
Grinder completely misses you. Grinder hits you.
You writhe in agony.
Grinder completely misses you. Grinder hits you but does no damage.
Grinder hits you but does no damage. x2
You can move again.
You slash Grinder! You headbutt Grinder.
Grinder is heavily wounded.
Grinder misses you. You block Grinder's attack.
You closely miss Grinder.
Grinder is heavily wounded.
Grinder gestures at you.
You shrug off the repeated paralysis!
You closely miss Grinder.
Grinder is heavily wounded.
Grinder hits you!
You writhe in agony.
Grinder gestures at you.
You suddenly lose the ability to move!
Grinder hits you.
You writhe in agony.
Grinder blinks!
You can move again.
e - a scroll labelled LEKLYOHOYZOEGH You closely miss Grinder.
Grinder is moderately wounded.
Grinder gestures at you. You resist with significant effort.
Grinder gestures at you. Pain shoots through your body!
* * * LOW HITPOINT WARNING * * *
You hit Grinder but do no damage. Your headbutt misses Grinder.
Grinder is moderately wounded.
Grinder hits you but does no damage. Grinder gestures at you.
Pain shoots through your body!
You die...

# #. ### #.## ...#
... ...## ##.##
#..... ##...##
##.... ##...@5###..#
#.......#..+##
...###+###.....## .
##.......##
##.........##
#...........####..
...+.........+...S<
...##.........####..
.### ##.......##


You could see Grinder.

Vanquished Creatures
  A sky beast (D:3)
  4 adders
  2 worms (D:2)
  A dart slug (D:1)
  A leopard gecko (D:3)
  7 bats
  4 giant cockroaches
  7 hobgoblins
  A ball python (D:2)
  8 goblins
  8 kobolds
  5 rats
49 creatures vanquished.

Vanquished Creatures (others)
  4 fungi (D:2)
  3 plants (D:2)
7 creatures vanquished.

Grand Total: 56 creatures vanquished

Notes
Turn   | Place    | Note
-------+----------+-------------------------------------------
     0 | D:1      | Chiseanne the Demonspawn Wanderer began the quest for the
                  | Orb.
     0 | D:1      | Chiseanne set off with the following items: a +0 spear, a
                  | +0 buckler, a +0 robe; and the following spell memorised:
                  | Magic Dart; and the following spells available to memorise:
                  | Searing Ray, Dazzling Flash, Fulminant Prism, Iskenderun's
                  | Mystic Blast
     0 | D:1      | Reached XP level 1. HP: 18/18 MP: 2/2
   197 | D:1      | Gained mutation: You have a pair of small horns on your
                  | head. [demonic ancestry]
   197 | D:1      | Reached XP level 2. HP: 24/24 MP: 3/3
   794 | D:2      | Reached skill level 1 in Dodging
  1002 | D:2      | Found a blossoming altar of Fedhas.
  1024 | D:2      | Reached skill level 1 in Armour
  1030 | D:2      | Reached XP level 3. HP: 15/29 MP: 4/4
  2109 | D:3      | Gained mutation: You are partially covered in slimy green
                  | scales. (AC +2) [demonic ancestry]
  2109 | D:3      | Reached XP level 4. HP: 17/35 MP: 5/5
  2416 | D:3      | Found an ornate altar of the Wu Jian Council.
  2631 | D:3      | Noticed a sky beast
  2679 | D:3      | Killed a sky beast
  2680 | D:3      | Gained mutation: You are mostly covered in slimy green
                  | scales. (AC +3) [demonic ancestry]
  2680 | D:3      | Reached XP level 5. HP: 7/42 MP: 6/6
  3232 | D:4      | Noticed Grinder
  3238 | D:4      | Paralysed by Grinder for 7 turns
  3247 | D:4      | Paralysed by Grinder for 7 turns
  3256 | D:4      | Killed from afar by Grinder

Illustrated notes

Levels and vault maps discovered:
D:1:      lightli_arrival_maybe_door_vault, layout_basic
D:2:      layout_loops_ring, fedhas_altar_3
D:3:      layout_loops_ring, pdpol_wu_jian_five_deadly_venoms
D:4:      kennysheep_six_static_rooms, layout_loops_corners,
          minmay_temple_entry_purple_smoke, nicolae_ossuary_entry_giza,
          serial_shops, nicolae_shop_stone, uniq_ijyb, uniq_grinder

Skill      XL: |  1  2  3  4 |
---------------+-------------+-----
Dodging        | 1 2 |  2.2
Armour         | 1 2 |  2.0
Shields        | 2 |  2.4
Fighting       | |  3.9
Polearms       | |  1.0
Stealth        | |  1.0
Spellcasting   | |  1.0
Conjurations   | |  1.0
Necromancy     | |  1.1
Evocations     | |  1.0

Action                   |  1- 3 |  4- 6 || total
-------------------------+-------+-------++-------
Melee: Spear             |    33 |       ||    33
       Hand axe          |    60 |       ||    60
       Headbutt          |    12 |     7 ||    19
       War axe           |    11 |    50 ||    61
Throw: Dart              |       |     8 ||     8
  Use: Potion            |       |     1 ||     1
Armor: Ring mail         |    44 |    27 ||    71
Dodge: Dodged            |    60 |    32 ||    92
Block: Buckler           |    23 |    11 ||    34

Table legend: (Time is in decaauts)
 A = Elapsed time spent in this place.
 B = Non-inter-level travel time spent in this place.
 C = Inter-level travel time spent in this place.
 D = Time resting spent in this place.
 E = Time spent auto-exploring this place.
 F = Levels seen in this place.
 G = Mean time per level.
                   A        B        C        D        E       F      G
               +--------+--------+--------+--------+--------+-----+--------+
         Total |   3310 |   3232 |     78 |    564 |   2220 |   4 |  827.5 |
       Dungeon |   3310 |   3232 |     78 |    564 |   2220 |   4 |  827.5 |
               +--------+--------+--------+--------+--------+-----+--------+

Top non-repeatable levels by time:
     D:3: 1254 daAuts
     D:2: 1222 daAuts
     D:1: 791 daAuts
     D:4: 41 daAuts
